 Dungeon Crawl Stone Soup version 0.31.0-9-g3a7656b989 (webtiles) character file.

Game seed: 12167529217304823353

84 qw the Shooter (level 4, -2/22 HPs)
             Began as a Spriggan Hunter on Feb 2, 2024.
             Slain by a goblin
             ... wielding a +0 club
              (4 damage)
             ... on level 2 of the Dungeon.
             The game lasted 00:00:03 (910 turns).

qw the Shooter (Spriggan Hunter)                     Turns: 910, Time: 00:00:03

Health: -2/22      AC:  2    Str:  7    XL:     4   Next: 24%
Magic:  5/5        EV: 19    Int: 10    God:
Gold:   94         SH:  0    Dex: 20    Spells: 3/3 levels left

rFire   . . .        a - +0 shortbow
rCold   . . .        (shield currently unavailable)
rNeg    . . .        c - +0 robe
rPois   .            (helmet restricted)
rElec   .            (no cloak)
rCorr   .            (gloves unavailable)
SInv    +            (boots unavailable)
Will    .....        (no amulet)
Stlth   ++           (no ring)
HPRegen 0.23/turn    (no ring)
MPRegen 0.09/turn

%: no passive effects
@: very quick
A: very small, no large weapons, unfitting armour, see invisible, speed 3
a: no special abilities


You were on level 2 of the Dungeon.
You visited 1 branch of the dungeon, and saw 2 of its levels.

You collected 94 gold pieces.


Innate Abilities, Weirdness & Mutations

You are very small and have problems with some larger weapons.
You are too small for most types of armour.
You have supernaturally acute eyesight. (SInv)
You cover ground extremely quickly. (Speed+++)


   Skills:
 - Level 1.5 Fighting
 - Level 5.2 Ranged Weapons
 + Level 4.2 Dodging
 - Level 1.5 Stealth


You had 3 spell levels left.
You didn't know any spells.
Your spell library was empty.

Inventory:

Hand Weapons
 a - a +0 shortbow (weapon)
Armour
 c - a +0 robe (worn)
Scrolls
 e - a scroll of vulnerability {unknown}
Potions
 b - 4 potions of curing {unknown}
 d - 2 potions of might {unknown}

Dungeon Overview and Level Annotations

Branches:
Dungeon (2/15)

Altars:


Message History

The goblin barely misses you.
You shoot an arrow. The arrow closely misses the hobgoblin.
The arrow barely misses the hobgoblin.
The arrow barely misses the goblin.
The hobgoblin misses you. The goblin hits you but does no damage.
You shoot an arrow. The arrow hits the hobgoblin.
The hobgoblin is moderately wounded.
The hobgoblin misses you. The goblin misses you.
The goblin hits you with a +0 club.
You shoot an arrow. The arrow closely misses the hobgoblin.
The hobgoblin barely misses you. The hobgoblin hits you. The goblin misses you.
You shoot an arrow. The arrow closely misses the hobgoblin.
The hobgoblin hits you. The hobgoblin completely misses you.
The goblin closely misses you.
You shoot an arrow. The arrow closely misses the hobgoblin.
The hobgoblin completely misses you. The hobgoblin barely misses you.
The goblin hits you with a +0 club.
You shoot an arrow.
The arrow hits the hobgoblin but does no damage.
The hobgoblin is moderately wounded.
The hobgoblin closely misses you. The hobgoblin barely misses you.
The goblin hits you but does no damage.
You shoot an arrow.
The arrow hits the hobgoblin but does no damage.
The hobgoblin is moderately wounded.
The hobgoblin misses you. The hobgoblin closely misses you.
The goblin hits you with a +0 club.
You shoot an arrow. The arrow hits the hobgoblin!
You kill the hobgoblin!
The goblin misses you.
You shoot an arrow. The arrow barely misses the hobgoblin.
The hobgoblin closely misses you. The goblin completely misses you.
The goblin hits you but does no damage. The hobgoblin hits you.
The goblin completely misses you. The goblin hits you with a +0 dagger.
You shoot an arrow. The arrow hits the hobgoblin!
You kill the hobgoblin!
The goblin completely misses you.
You shoot an arrow. The arrow hits the goblin!
You kill the goblin!
The goblin hits you with a +0 club.
You die...

#.....##
##..######
#####..#
##......#
####
#.....#.#
#..###...###
#.# ##....##
...#.
#.....#
..####'
###...# #.#
#..g#g##..#
#.
+..gg@.'..#
#...#)##.##
##' ###..#
#. .## # ##


You could see 2 hobgoblins and 2 goblins.

Vanquished Creatures
  Terence (D:2)
  A gnoll (D:1)
  An adder (D:2)
  A dart slug (D:1)
  4 endoplasms (D:1)
  6 goblins
  2 hobgoblins (D:2)
  2 jackals (D:1)
  4 kobolds (D:1)
  2 quokkas
  2 ball pythons
  6 bats (D:1)
  2 frilled lizards
  5 rats
39 creatures vanquished.

Notes
Turn   | Place    | Note
-------+----------+-------------------------------------------
     0 | D:1      | qw the Spriggan Hunter began the quest for the Orb.
     0 | D:1      | Reached XP level 1. HP: 10/10 MP: 2/2
     0 | D:1      | 0 ||| qw: Version: 0.3-a-155-g5e7d8dd
     0 | D:1      | 0 ||| qw: Game counter: 30
     0 | D:1      | 0 ||| qw: Melee chars always use a shield: true
     0 | D:1      | 0 ||| qw: God list: Okawaru
     0 | D:1      | 0 ||| qw: Allow faded altars: false
     0 | D:1      | 0 ||| qw: Do Orc after clearing Dungeon:15 true
     0 | D:1      | 0 ||| qw: Do second Lair branch before Depths: true
     0 | D:1      | 0 ||| qw: Lair rune preference: random
     0 | D:1      | 0 ||| qw: Goals: Normal
     0 | D:1      | 0 ||| PLANNING D:1-11
    24 | D:1      | Reached skill level 3 in Dodging
   143 | D:1      | Reached XP level 2. HP: 14/14 MP: 3/3
   219 | D:1      | Found a faded altar of an unknown god.
   382 | D:1      | Reached XP level 3. HP: 18/18 MP: 4/4
   648 | D:1      | 648 ||| READING scroll labelled ZIL WENOREC.
   649 | D:1      | 649 ||| READING scroll labelled INELEL INGOEC.
   750 | D:1      | 750 ||| DROPPING scroll of butterflies.
   820 | D:2      | Noticed Terence
   825 | D:2      | Killed Terence
   826 | D:2      | Reached skill level 5 in Ranged Weapons
   826 | D:2      | Reached XP level 4. HP: 22/22 MP: 5/5
   908 | D:2      | HP: 5/22 [hobgoblin (2)]
   908 | D:2      | HP: 2/22 [goblin/+0 dagger (3)]
   910 | D:2      | Slain by a goblin

Levels and vault maps discovered:
D:1:      amcnicky_arrival_wind_blow, layout_loops_ring, basic_ecumenical_altar,
          kennysheep_decorative_pillar
D:2:      cheibrodos_greedy_goblins, layout_rooms, nicolae_underground_beach,
          uniq_terence

Skill      XL: |  1  2  3 |
---------------+----------+-----
Dodging        | 3 4 |  4.2
Ranged Weapons | 5 |  5.2
Fighting       | |  1.5
Stealth        | |  1.5

Action                     |  1- 3 |  4- 6 || total
---------------------------+-------+-------++-------
   Fire: Shortbow          |    64 |    25 ||    89
    Use: Scroll            |     2 |       ||     2
 Armour: Robe              |       |    15 ||    15
  Dodge: Dodged            |    11 |    37 ||    48

Table legend:
 A = Non-vault XP
 B = Vault XP
 C = Vault XP percentage of total XP
 D = Non-vault monster count
 E = Vault monster count
 F = Vault count percentage of total count
                 A         B        C        D         E       F
            +---------+---------+-------+---------+---------+-------
      Total |      74 |      48 |  39.3 |      31 |       8 |  20.5
            +---------+---------+-------+---------+---------+-------
        D:1 |      53 |       0 |   0.0 |      25 |       0 |   0.0
        D:2 |      21 |      48 |  69.6 |       6 |       8 |  57.1
            +---------+---------+-------+---------+---------+-------
